[Event "Catalonia Championship Veterans 2024"]
[Site "Salou Tarragona"]
[Date "2024.05.17"]
[Round "7.2"]
[White "Narciso Dublan, Marc"]
[Black "Guerra Mendez, Jose Angel"]
[Result "1/2-1/2"]
[ECO "C45"]
[WhiteElo "2424"]
[BlackElo "2489"]
[Annotator "TA"]
[PlyCount "119"]
[EventDate "2024.05.11"]
[EventType "swiss"]
[EventCountry "ESP"]
[SourceTitle "playchess.com"]
[Source "ChessBase"]
[SourceQuality "1"]
[TimeControl "5400+30"]

1. e4 e5 2. Nf3 Nc6 3. d4 exd4 4. Nxd4 Nf6 5. Nxc6 bxc6 6. Nd2 d6 7. Bd3 g6 8. b3 Bg7 9. Bb2 O-O 10. O-O Re8 11. Qc1 Bb7 12. Bc3 Nd7 13. Qb2 Bxc3 14. Qxc3 Qf6 15. Qa5 Qd8 16. f4 Nc5 17. Rae1 Nxd3 18. cxd3 c5 19. f5 c6 20. Qc3 {[%emt 0:01:00] White is more active.} Ba6 21. Re3 Qe7 (21... d5 $16 {was worth a try.} 22. fxg6 (22. Qxc5 Qb6 $14) 22... fxg6 23. Qxc5 Qb6) 22. Qa5 Qb7 23. Rh3 ({Better is} 23. Nf3 $18) 23... Qb6 $11 24. Qc3 Qb4 $1 25. Rc1 Qxc3 26. Rxc3 Rad8 27. Kf2 Kg7 28. g4 Rd7 29. Re3 f6 30. h4 Kf7 31. Nf3 gxf5 32. gxf5 Rb7 33. d4 c4 34. e5 $1 $16 ({Resist} 34. bxc4 $6 Rb2+ 35. Kg3 Rg8+ 36. Kh3 Bc8 $14) 34... d5 (34... cxb3 $16 {was called for.} 35. axb3 (35. Rxb3 dxe5 36. dxe5 Reb8 $16) 35... dxe5) 35. Re1 (35. Kg3 $18) 35... Rbb8 36. Rce3 Bb5 {[%emt 0:00:15] [#]} 37. Rg1 (37. exf6 $1 $18 Rxe3 38. Kxe3 (38. Rxe3 Kxf6 39. a4 Ba6 $11) 38... Re8+ 39. Ne5+ Kxf6 40. Kf4) 37... Rg8 {[%emt 0:01:09] [#]} 38. Rxg8 ({White should play} 38. Rg3 $1 $16) 38... Rxg8 $11 {[%emt 0:00:06] The position is equal.} 39. exf6 Kxf6 $16 {[%emt 0:00:10][%mdl 4096] Endgame. KRB-KRN} 40. a4 Ba6 41. Re6+ Kxf5 42. Rxc6 Rg6 43. Rxg6 hxg6 44. bxc4 dxc4 $11 {[%emt 0:00:46] ...Ke4 is the strong threat. KB-KN} 45. Ke3 c3 {[%emt 0:00:58] And now ...Ke6 would win.} 46. Ne5 Bf1 47. Nc6 $1 Kg4 48. Ne5+ Kxh4 {[%emt 0:00:25] ...Kg5 would now be deadly.} 49. Nxg6+ Kg5 50. Ne7 Bc4 51. Nc6 Kf5 52. Nxa7 c2 53. Kd2 Ke4 54. Nb5 Bb3 55. a5 {[%emt 0:00:17] Intending a6 and mate.} Kd5 $1 56. Nc3+ Kxd4 57. Nb5+ Kc5 58. Na3 Kb4 59. Nxc2+ Kxa5 60. Kd3 {[%emt 0:01:56] Weighted Error Value: White=0.14 (very precise) /Black=0.14 (very precise) .  Mistake:       	White=4     	Black=3      Inaccurate:     	White=3     	Black=4      OK:         	White=25    	Black=22     Best:        	---       	Black=2      Strong:       	White=2     	Black=2} 1/2-1/2

[Event "Catalonia Championship Veterans 2024"]
[Site "Salou Tarragona"]
[Date "2024.05.17"]
[Round "7.3"]
[White "Parals Marce, Luis"]
[Black "Brusi Noguera, Ricardo Ll."]
[Result "0-1"]
[ECO "B02"]
[WhiteElo "2000"]
[BlackElo "2059"]
[Annotator "NA RC"]
[PlyCount "40"]
[EventDate "2024.05.11"]
[EventType "swiss"]
[EventCountry "ESP"]
[SourceTitle "playchess.com"]
[Source "ChessBase"]
[SourceQuality "1"]
[TimeControl "5400+30"]

1. e4 Nf6 2. e5 Nd5 3. c4 Nb6 4. a4 a5 5. Ra3 e6 6. Rg3 d6 7. exd6 Bxd6 8. Re3 Nc6 9. b3 O-O 10. Nf3 Bc5 11. Rc3 e5 12. Ba3 Nb4 13. Bxb4 axb4 14. Rc1 e4 15. Ng1 Qd4 16. Qe2 Bg4 17. f3 exf3 18. Nxf3 Qb2 19. Qd1 Bxf3 20. gxf3 Qd4 0-1

[Event "Catalonia Championship Veterans 2024"]
[Site "Salou Tarragona"]
[Date "2024.05.17"]
[Round "7.5"]
[White "Lacasa Diaz, Josep Anton"]
[Black "Pogorelov, Ruslan"]
[Result "1-0"]
[ECO "E14"]
[WhiteElo "2335"]
[BlackElo "2282"]
[Annotator "TA"]
[PlyCount "113"]
[EventDate "2024.05.11"]
[EventType "swiss"]
[EventCountry "ESP"]
[SourceTitle "playchess.com"]
[Source "ChessBase"]
[SourceQuality "1"]
[TimeControl "5400+30"]

1. Nf3 Nf6 2. c4 e6 3. e3 b6 4. d4 Bb7 5. Bd3 Bb4+ 6. Nbd2 Ne4 7. a3 Bxd2+ 8. Nxd2 Nxd2 9. Bxd2 {[%emt 0:00:30] White is slightly better.} Qg5 10. Rg1 Qh4 11. h3 f5 12. Qc2 Be4 13. Bxe4 Qxe4 14. Qxe4 fxe4 15. f3 exf3 16. gxf3 O-O 17. Ke2 d6 18. b4 Nd7 19. a4 e5 20. dxe5 Nxe5 21. Bc3 Rae8 22. f4 Ng6 23. Kd3 Rf7 24. Rg3 Ne7 25. e4 Ng6 26. f5 Ne5+ 27. Bxe5 dxe5 $11 {[%emt 0:00:00][%mdl 4096] Endgame. KRR-KRR} 28. a5 Rd8+ 29. Kc3 Rd4 30. axb6 axb6 31. Ra8+ Rf8 32. Ra7 Rc8 33. Rg4 Kf7 34. c5 bxc5 35. bxc5 Rd7 36. h4 g6 37. fxg6+ hxg6 38. Rg5 Rh8 39. Rxe5 Rxh4 40. c6 Re7 41. Kd4 {[%emt 0:01:08] [#] Rxe7+ is the strong threat.} Rh1 42. Rxe7+ Kxe7 {[%emt 0:00:21] KR-KR} 43. Kd5 Kf6 $1 44. Rxc7 {[%emt 0:00:40] Threatens to win with e5+.} Rd1+ 45. Kc5 {[%emt 0:00:23] [#] Strongly threatening Rd7.} g5 $2 {[%emt 0:01:21][%mdl 8192] Black cannot hold the game after this.} (45... Rc1+ $11 46. Kb6 Rb1+ 47. Ka6 Ra1+ 48. Kb7 Rb1+ 49. Ka7 Rc1) 46. Rc8 (46. Rd7 $142 Rc1+ 47. Kd6 Rd1+ 48. Kc7) 46... Rc1+ 47. Kd6 {[%emt 0:04:56] White threatens Rf8+ and mate.} Rd1+ 48. Kc7 g4 49. Rg8 Rg1 50. Kd8 (50. Kb7 $142 {Threatening mate with c7.} Ke5 51. c7 Rb1+ 52. Kc6 Rc1+ 53. Kd7) 50... g3 51. c7 {[%emt 0:00:50] White mates.} Rd1+ 52. Ke8 Rc1 53. Kd7 ({Worse is} 53. Rxg3 Rxc7 54. Kd8 Rc5 $11) 53... Rd1+ 54. Kc6 Rc1+ 55. Kb6 Rb1+ 56. Ka5 Rc1 57. c8=Q {[%emt 0:00:10] Weighted Error Value: White=0.15 (very precise) /Black=0.24 (precise) .  Loses game:     	---       	Black=1      Mistake:       	White=1     	---        Inaccurate:     	White=2     	Black=2      OK:         	White=15    	Black=18     Best:        	White=3     	Black=3      Strong:       	---       	Black=1} 1-0

[Event "Catalonia Championship Veterans 2024"]
[Site "Salou Tarragona"]
[Date "2024.05.17"]
[Round "7.6"]
[White "Noria Silvestre, Joaquin"]
[Black "Torrecillas Martinez, Antonio"]
[Result "1/2-1/2"]
[ECO "C11"]
[WhiteElo "2126"]
[BlackElo "2298"]
[Annotator "RC"]
[PlyCount "56"]
[EventDate "2024.05.11"]
[EventType "swiss"]
[EventCountry "ESP"]
[SourceTitle "playchess.com"]
[Source "ChessBase"]
[SourceQuality "1"]
[TimeControl "5400+30"]

1. e4 e6 2. Nc3 d5 3. d4 Nf6 4. e5 Nfd7 5. Be3 c5 6. f4 cxd4 7. Bxd4 Nc6 8. Nf3 Nxd4 9. Nxd4 Bc5 10. a3 Nxe5 11. Nb3 Nd7 12. Nxc5 Nxc5 13. Qd4 Qb6 14. Qxg7 Rf8 15. O-O-O Bd7 16. Qf6 Bc6 17. f5 Rd8 18. b4 Nd7 19. Qg5 d4 20. Nb5 Bxb5 21. fxe6 fxe6 22. Bxb5 Rf5 23. Bxd7+ Rxd7 24. Qg3 Qd6 25. Qxd6 Rxd6 26. Rhe1 Rg5 27. Rd2 Ke7 28. Re4 h5 1/2-1/2

[Event "Catalonia Championship Veterans 2024"]
[Site "Salou Tarragona"]
[Date "2024.05.17"]
[Round "7.7"]
[White "Cuadras Avellana, Jordi"]
[Black "Jove Grau, Lluis"]
[Result "1-0"]
[ECO "C60"]
[WhiteElo "2176"]
[BlackElo "2049"]
[Annotator "RC"]
[PlyCount "64"]
[EventDate "2024.05.11"]
[EventType "swiss"]
[EventCountry "ESP"]
[SourceTitle "playchess.com"]
[Source "ChessBase"]
[SourceQuality "1"]
[TimeControl "5400+30"]

1. e4 e5 2. Nf3 Nc6 3. Bb5 Qf6 4. Nc3 Bd6 5. O-O Nge7 6. Ne2 O-O 7. d3 h6 8. c3 Ng6 9. d4 Nh4 10. Nxh4 Qxh4 11. f4 exd4 12. cxd4 Be7 13. d5 Bc5+ 14. Kh1 Nd8 15. Qc2 Qe7 16. f5 f6 17. Nf4 Bb6 18. Ng6 Qb4 19. Bd3 Re8 20. Bd2 Qd4 21. Bc3 Qc5 22. e5 fxe5 23. f6 gxf6 24. Rxf6 d6 25. Raf1 Kg7 26. R6f3 Bg4 27. Rg3 h5 28. h3 Nf7 29. Nf4 Kh8 30. b4 Qxc3 31. Qxc3 Bd4 32. Ng6+ Kg7 1-0

[Event "Catalonia Championship Veterans 2024"]
[Site "Salou Tarragona"]
[Date "2024.05.17"]
[Round "7.8"]
[White "Tosan Pereira, Felipe"]
[Black "Palacin Martin, Ricardo"]
[Result "1/2-1/2"]
[ECO "B23"]
[WhiteElo "2062"]
[BlackElo "1968"]
[Annotator "NA RC"]
[PlyCount "95"]
[EventDate "2024.05.11"]
[EventType "swiss"]
[EventCountry "ESP"]
[SourceTitle "playchess.com"]
[Source "ChessBase"]
[SourceQuality "1"]
[TimeControl "5400+30"]

1. e4 c5 2. Nc3 Nc6 3. f4 e6 4. Nf3 Nge7 5. g3 d5 6. Bg2 b6 7. d3 Bb7 8. O-O Qd7 9. Ne5 Nxe5 10. fxe5 d4 11. Ne2 Ng6 12. Bf4 Be7 13. Bd2 Nxe5 14. Nf4 O-O 15. Qh5 Ng6 16. g4 Nxf4 17. Rxf4 g6 18. Qh6 f6 19. Raf1 Rf7 20. Qh3 Raf8 21. R4f3 Bc8 22. Bh6 Re8 23. Qg3 Bd6 24. Qf2 Be5 25. h4 f5 26. Bh3 Bg7 27. Qd2 Ref8 28. gxf5 exf5 29. exf5 gxf5 30. Rg3 Kh8 31. Rxf5 Qe8 32. Rxf7 Rxf7 33. Bxg7+ Rxg7 34. Rxg7 Kxg7 35. Qg5+ Kh8 36. Qf6+ Kg8 37. Bg2 Be6 38. Be4 Bf7 39. Qg5+ Kh8 40. Qf6+ Kg8 41. Kf2 Qf8 42. h5 h6 43. Bf5 Qg7 44. Qd8+ Qf8 45. Qf6 Qg7 46. Qd8+ Qf8 47. Qf6 Qg7 48. Qd8+ 1/2-1/2

[Event "Catalonia Championship Veterans 2024"]
[Site "Salou Tarragona"]
[Date "2024.05.17"]
[Round "7.9"]
[White "Vallbona Domingo, Joan"]
[Black "Sanchez Criado, Lluis"]
[Result "0-1"]
[ECO "E05"]
[WhiteElo "1938"]
[BlackElo "2060"]
[Annotator "NA RC"]
[PlyCount "56"]
[EventDate "2024.05.11"]
[EventType "swiss"]
[EventCountry "ESP"]
[SourceTitle "playchess.com"]
[Source "ChessBase"]
[SourceQuality "1"]
[TimeControl "5400+30"]

1. c4 Nf6 2. g3 e6 3. Bg2 d5 4. Nf3 Be7 5. O-O O-O 6. d4 dxc4 7. Qc2 a6 8. Rd1 b5 9. Ne5 Nd5 10. Nc3 Bb7 11. e4 Nb4 12. Qe2 Nd7 13. b3 Nxe5 14. dxe5 Nd3 15. bxc4 bxc4 16. Be3 Ba3 17. Qc2 Qe7 18. Rab1 Bc6 19. Ne2 Bb5 20. Nd4 c6 21. Nf3 h6 22. Bf1 Rfd8 23. Bd4 Nb4 24. Qc3 Nd3 25. Bxd3 cxd3 26. Nd2 Ba4 27. Nb3 c5 28. Qa5 Bxb3 0-1

[Event "Catalonia Championship Veterans 2024"]
[Site "Salou Tarragona"]
[Date "2024.05.17"]
[Round "7.10"]
[White "Franzoni Ladron de Guevara, Enric"]
[Black "Melero Sanchez, Pere"]
[Result "0-1"]
[ECO "A07"]
[WhiteElo "1854"]
[BlackElo "1934"]
[Annotator "RC"]
[PlyCount "114"]
[EventDate "2024.05.11"]
[EventType "swiss"]
[EventCountry "ESP"]
[SourceTitle "playchess.com"]
[Source "ChessBase"]
[SourceQuality "1"]
[TimeControl "5400+30"]

1. Nf3 d5 2. b3 c6 3. Bb2 Bf5 4. d3 e6 5. Nbd2 Nf6 6. g3 h6 7. Bg2 Nbd7 8. O-O Bd6 9. Nh4 Bh7 10. e3 Qc7 11. Qe2 O-O-O 12. a4 g5 13. Nhf3 Rdg8 14. a5 a6 15. b4 h5 16. Rfc1 Bxb4 17. Nb3 h4 18. c4 Bf5 19. cxd5 exd5 20. Nfd4 Bg4 21. Qc2 Rh6 22. Nb5 Qb8 23. Ra4 Be7 24. Bxf6 Nxf6 25. N3d4 Bd7 26. Ra2 Kd8 27. Nc3 hxg3 28. fxg3 Ng4 29. Nf3 Nxe3 30. Qb3 Nxg2 31. Rxg2 g4 32. Nd4 Qa7 33. Nce2 c5 34. Qxd5 cxd4 35. Qxf7 Rf8 36. Qd5 Rd6 37. Qh5 b5 38. Nf4 Qb7 39. Re2 Rc6 40. Rce1 Bb4 41. Qg5+ Kc8 42. Qg7 Rd8 43. Rf1 Bxa5 44. Nd5 Rd6 45. Rc2+ Kb8 46. Ne7 Bc3 47. Rf7 Be6 48. Rf8 Qc7 49. Rcf2 R6d7 50. Qh8 Rxf8 51. Rxf8+ Kb7 52. Ng6 Bb4 53. Rf1 Bd5 54. Nf4 Bf3 55. h4 Bd2 56. Qf6 Be3+ 57. Kh2 Qc2+ 0-1